 Dungeon Crawl Stone Soup version 0.31-a0-1068-g5939ac1fb6 (webtiles) character file.

Game seed: 7075780154782503889

2244802 MackTheKnife the Slayer (level 26, 167/302 HPs)
             Began as a Demonspawn Brigand on Nov 24, 2023.
             Was the Champion of Lugonu.
             Escaped with the Orb
             ... and 4 runes!
             The game lasted 02:10:48 (73072 turns).

MackTheKnife the Slayer (Demonspawn Brigand)       Turns: 73072, Time: 02:10:49

Health: 167/302    AC: 46    Str:  9    XL:     26   Next: 33%
Magic:  37/50      EV: 21    Int: 17    God:    Lugonu [******]
Gold:   4778       SH: 22    Dex: 26    Spells: 31/33 levels left

rFire   + + .        a - +9 demon blade (distort) {long}
rCold   + + .        f - +3 kite shield {rN+}
rNeg    + + +        i - +9 pearl dragon scales of the Furies {rN+ SInv, rare=g}
rPois   +            (helmet unavailable)
rElec   +            q - +2 cloak
rCorr   +            b - +5 pair of gloves of the Good {+Blink Fly rElec Will++}
SInv    +            O - +3 pair of mountain boots {steadfast, rC+}
Will    +++++        C - amulet of Cureid {Spirit MP+9 Int+3 Slay+2}
Stlth   +            H - ring "Rasunow" {Drain rElec rPois rN+ Will++}
HPRegen 0.70/turn    l - ring of the Octopus King {HP+2 MP+9 AC+2 EV+2 SH+2}
MPRegen 0.32/turn

%: guardian spirit
@: mighty, resistant, flying, hasted, studying Ranged Weapons, very quick
A: antennae 3, thin metallic scales 2, robust 3, spiny 3, demonic magic 3, fire
resistance 1, weak 1, inability to drink after injury 1
0: Orb of Zot
}: 4/15 runes: decaying, serpentine, slimy, silver
a: Renounce Religion, Evoke Blink, Depart the Abyss, Banish, Corrupt, Enter the
Abyss


You escaped.
You worshipped Lugonu.
Lugonu was exalted by your worship.
You visited 12 branches of the dungeon, and saw 56 of its levels.
You visited the Abyss 3 times.
You visited 1 bazaar.

You collected 8635 gold pieces.
You spent 3857 gold pieces at shops.


Innate Abilities, Weirdness & Mutations

You have a pair of large antennae on your head. (SInv)
You are mostly covered in thin metallic scales. (AC +3)
You are extremely robust. (+30% HP)
You are completely covered in sharp spines.
Spells you cast and wands you use may paralyse nearby enemies.
Your flesh is heat resistant. (rF+)
You are weak. (Str -2)
You occasionally lose the ability to drink potions when taking damage.


   Skills:
 + Level 24.2 Fighting
 - Level 13.3(16.5) Short Blades
 - Level 16.1(18.0) Long Blades
 - Level 8.4 Staves
 - Level 1.7 Throwing
 - Level 16.0 Armour
 - Level 20.0 Dodging
 - Level 5.0 Stealth
 - Level 18.0 Shields
 - Level 4.0 Spellcasting
 - Level 8.0 Transmutations
 - Level 12.0 Invocations
 - Level 6.0 Evocations


You had 31 spell levels left.
You knew the following spells:

 Your Spells              Type           Power      Damage    Failure   Level
a - Wereblood             Tmut           30%        N/A       9%          2

Your spell library contained the following spells:

 Spells                   Type           Power      Damage    Failure   Level
 Sting                    Tmut/Pois      68%        1d6       30%         1
 Passwall                 Tmut/Erth      14%        N/A       41%         2
 Kiss of Death            Conj/Necr      12%        2d6       83%         1
 Magic Dart               Conj           12%        1d3       83%         1
 Necrotise                Necr           12%        1d4       83%         1
 Summon Small Mammal      Summ           12%        N/A       83%         1
 Ignite Poison            Fire/Tmut/Pois 12%        N/A       85%         3
 Blink                    Tloc           6%         N/A       93%         2
 Call Imp                 Summ           6%         N/A       93%         2
 Cigotuvi's Dreadful Rot  Necr/Pois/Air  6%         N/A       93%         2
 Ensorcelled Hibernation  Hex/Ice        6%         N/A       93%         2
 Jinxbite                 Hex            6%         N/A       93%         2
 Lesser Beckoning         Tloc           6%         N/A       93%         2
 Momentum Strike          Conj/Tloc      6%         3d8       93%         2
 Poisonous Vapours        Pois/Air       6%         N/A       93%         2
 Searing Ray              Conj           6%         2d4       93%         2
 Sublimation of Blood     Necr           3%         N/A       93%         2
 Petrify                  Tmut/Erth      17%        N/A       96%         4
 Confusing Touch          Hex            3%         N/A       99%         3
 Dazzling Flash           Conj/Hex       6%         N/A       99%         3
 Hailstorm                Conj/Ice       3%         3d3       99%         3
 Ozocubu's Armour         Ice            3%         N/A       99%         3
 Stone Arrow              Conj/Erth      6%         3d7       99%         3
 Teleport Other           Tloc           3%         N/A       99%         3
 Vampiric Draining        Necr           3%         2d6       99%         3
 Volatile Blastmotes      Fire/Tloc      6%         2d10      99%         3
 Anguish                  Hex/Necr       1%         N/A       100%        4
 Animate Armour           Summ/Erth      6%         N/A       100%        4
 Animate Dead             Necr           3%         N/A       100%        4
 Brom's Barrelling Bould  Conj/Erth      3%         2d3       100%        4
 Cause Fear               Hex            1%         N/A       100%        4
 Dimensional Bullseye     Hex/Tloc       1%         N/A       100%        4
 Dispel Undead            Necr           3%         3d7       100%        4
 Fulminant Prism          Conj/Hex       1%         3d5       100%        4
 Iskenderun's Mystic Bla  Conj/Tloc      3%         2d3       100%        4
 Leda's Liquefaction      Hex/Erth       1%         N/A       100%        4
 Manifold Assault         Tloc           3%         N/A       100%        4
 Olgreb's Toxic Radiance  Pois           3%         N/A       100%        4
 Sticky Flame             Conj/Fire      3%         2d3       100%        4
 Summon Ice Beast         Ice/Summ       3%         N/A       100%        4
 Vhi's Electric Charge    Tloc/Air       6%         N/A       100%        4
 Agony                    Necr           3%         N/A       100%        5
 Arcjolt                  Conj/Air       1%         1d11      100%        5
 Borgnjor's Vile Clutch   Necr/Erth      1%         N/A       100%        5
 Fireball                 Conj/Fire      1%         3d3       100%        5
 Freezing Cloud           Conj/Ice/Air   1%         6-21      100%        5
 Irradiate                Conj/Tmut      8%         3d14      100%        5
 Iskenderun's Battlesphe  Conj           3%         2d6       100%        5
 Lee's Rapid Deconstruct  Erth           1%         3d4*      100%        5
 Metabolic Englaciation   Hex/Ice        1%         N/A       100%        5
 Summon Forest            Summ/Tloc      1%         N/A       100%        5
 Summon Mana Viper        Hex/Summ       3%         N/A       100%        5
 Bombard                  Conj/Erth      1%         9d1       100%        6
 Death Channel            Necr           1%         N/A       100%        6
 Dispersal                Tloc           1%         N/A       100%        6
 Eringya's Noxious Bog    Tmut/Pois      8%         4d6       100%        6
 Simulacrum               Ice/Necr       1%         N/A       100%        6
 Starburst                Conj/Fire      1%         6d3       100%        6
 Haunt                    Necr/Summ      1%         N/A       100%        7
 Monstrous Menagerie      Summ           1%         N/A       100%        7
 Summon Hydra             Summ           1%         N/A       100%        7
 Disjunction              Tloc           1%         N/A       100%        8
 Ignition                 Fire           1%         3d3       100%        8
 Infestation              Necr           1%         N/A       100%        8
 Lehudib's Crystal Spear  Conj/Erth      1%         10d2      100%        8
 Maxwell's Capacitive Co  Air            1%         ∞         100%        8
 Summon Horrible Things   Summ           1%         N/A       100%        8
 Death's Door             Necr           1%         N/A       100%        9
 Dragon's Call            Summ           1%         N/A       100%        9

Inventory:

Hand Weapons
 a - a +9 demon blade of distortion (weapon) {long}
   (You took it off Asterion on level 3 of the Elven Halls)
 y - the +2 shortbow of Peymm {heavy, rPois Str+4, bow}
   (You found it on level 3 of the Crypt)

   Str+4:     It affects your strength (+4).
   rPois:     It protects you from poison
 R - a +4 demon blade of flaming {long}
   (You took it off a hell knight on level 4 of the Depths)
Armour
 b - the +5 pair of gloves of the Good (worn) {+Blink Fly rElec Will++}
   (You found it on level 5 of the Vaults)

   rElec:     It insulates you from electricity.
   Will++:    It greatly increases your willpower.
   Fly:       It grants you flight.
   +Blink:    It lets you blink.
 f - a +3 kite shield of positive energy (worn)
   (You took it off a naga warrior on level 4 of the Snake Pit)
 i - the +9 pearl dragon scales of the Furies (worn) {rN+ SInv, rare=g}
   (Okawaru gifted it to you on level 3 of the Lair of Beasts)

   rN+:       It protects you from negative energy.
   SInv:      It lets you see invisible.
 q - a +2 cloak (worn)
   (You took it off Nikola in the Arena)
 O - the +3 pair of mountain boots (worn) {steadfast, rC+}
   (You found it on level 5 of the Pits of Slime)

   Steadfast: It prevents involuntary movement, except for blinking,
   teleportation, or banishment.
   rC+:       It protects you from cold.
Jewellery
 l - a ring of the Octopus King (right hand) {HP+2 MP+9 AC+2 EV+2 SH+2}
   (You bought it in a shop on level 2 of the Orcish Mines)

   [ring of magical power]

   AC+2:      It affects your AC (+2).
   EV+2:      It affects your evasion (+2).
   HP+2:      It affects your health (+2).
   MP+9:      It affects your magic capacity (+9).
   SH+2:      It affects your SH (+2).
 m - a ring of flight
   (You found it on level 2 of the Dungeon)
 n - a ring of protection from fire
   (You took it off an orc on level 9 of the Dungeon)
 t - a ring of poison resistance
   (You found it on level 8 of the Dungeon)
 v - the macabre finger necklace {Finger+ rN+}
   (You took it off a deep elf sorcerer on level 3 of the Elven Halls)

   [amulet of nothing]

   Finger+:   It enables you to equip an extra ring.
   rN+:       It protects you from negative energy.
 z - a +6 ring of dexterity
   (You found it on level 2 of the Lair of Beasts)
 C - the amulet of Cureid (around neck) {Spirit MP+9 Int+3 Slay+2}
   (You bought it in a shop on level 2 of the Orcish Mines)

   [amulet of guardian spirit]

   Spirit:    It causes incoming damage to be divided between your reserves of
   health and magic.
   Int+3:     It affects your intelligence (+3).
   Slay+2:    It affects your accuracy & damage with ranged weapons and melee
   (+2).
   MP+9:      It affects your magic capacity (+9).
 H - the ring "Rasunow" (left hand) {Drain rElec rPois rN+ Will++}
   (You found it on level 3 of the Crypt)

   [ring of positive energy]

   rElec:     It insulates you from electricity.
   rPois:     It protects you from poison rN+: It protects you from negative
   energy.
   Will++:    It greatly increases your willpower.
   Drain:     It drains your maximum health when unequipped.
 L - the ring "Qosett" {rN+ Will+ Slay+3}
   (You found it on level 3 of the Crypt)

   [ring of positive energy]

   Slay+3:    It affects your accuracy & damage with ranged weapons and melee
   (+3).
   rN+:       It protects you from negative energy.
   Will+:     It increases your willpower.
Wands
 c - a wand of flame (32)
   (You found it on level 1 of the Vaults)
 o - a wand of quicksilver (45)
   (You found it on level 5 of the Lair of Beasts)
 I - a wand of digging (17)
   (You found it on level 4 of the Vaults)
 J - a wand of roots (14)
   (You took it off a kobold on level 7 of the Dungeon)
 N - a wand of paralysis (46)
   (You found it on level 2 of the Lair of Beasts)
 P - a wand of mindburst (10)
   (You found it on level 1 of the Elven Halls)
 T - a wand of polymorph (25)
   (You found it on level 5 of the Vaults)
Scrolls
 e - a scroll of enchant weapon
 h - 12 scrolls of poison {!r}
 j - 4 scrolls of fog
 k - 7 scrolls of immolation {!r!r}
 r - 8 scrolls of vulnerability {!r!r}
 E - 13 scrolls of teleportation {@r4}
 G - a scroll of summoning
 Q - 3 scrolls of blinking {!r}
 V - 4 scrolls of fear
 Y - a scroll of silence {!r}
Potions
 g - 11 potions of mutation {!q}
 p - 13 potions of curing {@q1}
 s - a potion of ambrosia
 w - 5 potions of haste {@q3}
 A - 5 potions of berserk rage {!q}
 B - 2 potions of magic
 D - a potion of cancellation
 F - 3 potions of heal wounds {@q2}
 K - 3 potions of resistance
 M - 9 potions of enlightenment
Miscellaneous
 d - a sack of spiders (inert)
   (You found it on level 5 of the Vaults)
 u - a tin of tremorstones (2/2) {throwing}
   (You found it on level 5 of the Vaults)
 S - a phantom mirror
   (You found it on level 5 of the Vaults)
 W - a phial of floods
   (You found it on level 5 of the Vaults)
 X - a lightning rod (4/4)
   (You found it on level 5 of the Vaults)

Dungeon Overview and Level Annotations

Branches:
Dungeon (15/15)            Temple (1/1) D:6            Lair (5/5) D:9
  Swamp (4/4) Lair:2        Snake (4/4) Lair:2        Slime (5/5) Lair:5
    Orc (2/2) D:11            Elf (3/3) Orc:2        Vaults (5/5) D:14
  Crypt (3/3) Vaults:2       Tomb (0/3) Crypt:3      Depths (4/4) D:15
    Zot (5/5) Depths:4

Altars:
Ashenzari
Cheibriados
Dithmenos
Fedhas
Gozag
Hepliaklqana
Kikubaaqudgha
Makhleb
Nemelex Xobeh
Okawaru
Qazlal
Ru
Sif Muna
Trog
Uskayaw
Vehumet
Wu Jian
Xom
Yredelemnul

Shops:
D:15 (   Orc:2 *(=[   Elf:1 *   Elf:3 ?   Snake:2 [[=:==*   Snake:4 :
Vaults:1 ?   Vaults:3 (

Portals:
Hell: Depths:1 Depths:2 Depths:3 Depths:4
Abyss: Depths:3 Depths:4
Pandemonium: Depths:1 Depths:2
Ziggurat: Depths:3

Annotations:
D:2 Crazy Yiuf
D:4 3 runed translucent doors, JaaP's ghost, novice GnEE
Swamp:4 Roxanne
Snake:4 2 transporters, graki42's ghost, adept DECj
Crypt:2 1 transporter
Depths:3 Mennas
Depths:4 corrupted, exclusion: obsidian statue
Zot:5 3 runed translucent doors, Cyqimiab's ghost, legendary MfGl
Abyss:1 Bai Suzhen

..##...........# #.##.
..##...........######### #.##.
..#####................# #)##.
### ######'###########.# #.#..
♣♣♣.....<..≈~~≈≈~###.# ##....
♣♣.....~~~~~≈≈....+...#####..#..
#♣....~~~PPP~≈.....###.#......#..
#....~~PPP~~~.P...♣# #...####.##.
'..~≈≈~PP≈≈.....@♣♣ #..## #.##.
#≈~≈≈≈≈≈~≈.>..♣♣♣♣ ###.## #.###
############'#######...######(#
.....................#........#
##.####.###>.#.#####...########
#.#...........# #.#.#
#...........### #.#.#
#.####.###..#######.#.# #.#
#......#.......#.#


There were no monsters in sight!


Message History

The iron shot hits you!!!
* * * LOW HITPOINT WARNING * * *
😨 HP[-132] MP[-21]
You take 132 damage, and now have 143/302 hp.
MASSIVE DAMAGE!! (PAUSE)
You lost 21 mp, and now have 25/50 mp.
You feel much better. 😮 HP[+21]
You regained 21 hp, and now have 164/302 hp.
You feel very mighty all of a sudden.
You start to feel less resistant.
Boris casts a spell at you. The bolt of cold misses you.
Unknown command.
Unknown command.
You feel much better.
Boris launches a ball of destructive magic.
Crazy Yiuf is struck by your spines.
Crazy Yiuf hits you with a +3 quarterstaff of chaos!
You feel protected.
An orb of destruction comes into view. 😮 HP[+20] MP[-1]
You regained 20 hp, and now have 184/302 hp.
You lost 1 mp, and now have 24/50 mp.
Boris casts a spell at you. The bolt of cold hits you.
You resist. 😮 HP[-4] MP[-1]
You take 4 damage, and now have 180/302 hp.
You lost 1 mp, and now have 23/50 mp.
Unknown command.
Unknown command.
You cut Boris into ribbons!!!
You destroy Boris!
Lugonu accepts your kill.
The wavering orb of destruction hits you!!!
* * * LOW HITPOINT WARNING * * *
😨 HP[-48] MP[-6]
You take 48 damage, and now have 132/302 hp.
You lost 6 mp, and now have 17/50 mp.
Crazy Yiuf attacks as he pursues you! You block Crazy Yiuf's attack.
You see here a +2 robe of willpower. 😨 HP[+1] MP[+1] 😨 HP[+1] Crazy Yiuf says, "Wait for me!" 😨 HP[+1] MP[+1]
You are confused.
You feel invigorated. 😨 HP[+3] MP[+4]
You regained 3 hp, and now have 138/302 hp.
You regained 4 mp, and now have 23/50 mp.
Your extra speed is starting to run out.
Crazy Yiuf says, "Wait for me!" 😨 HP[+2] MP[+2]
You regained 2 hp, and now have 140/302 hp.
You regained 2 mp, and now have 25/50 mp. 😨 HP[+4] MP[+2]
You regained 4 hp, and now have 144/302 hp.
You regained 2 mp, and now have 27/50 mp.
You feel better.
You feel less invigorated. 😮 HP[+11] MP[+5]
You regained 11 hp, and now have 155/302 hp.
You regained 5 mp, and now have 32/50 mp.
Crazy Yiuf says, "You found it!" 😮 HP[+1] Crazy Yiuf attacks as he pursues you!
You block Crazy Yiuf's attack.
Okay, then. 😮 HP[+1] MP[+1]
You feel as though your hastened speed will last longer.
Unknown command. 😮 HP[+1] 😮 HP[+1] Waun Wut comes into view. 😮 MP[+1]
Press: ? - help, v - describe, . - travel, g - get item
Here: Waun Wut Item here: 3 stones {throwing}.
The floor, spattered with blood.
Unknown command.
Aiming: Dig
Press: ? - help, Shift-Dir - straight line This square is covered in magical glow.
The rock shatters into small pieces.
Malevolent energies surge around you.
Crazy Yiuf suddenly stops moving! 😮 HP[+1] Blink to where?
Press: ? - help, Dir - move target
As you read the scroll of blinking {!r}, it crumbles to dust. 😮 HP[+1]
There is a stone staircase leading up here. 😮 HP[+1] MP[+1]
You fly upwards.
There is a stone staircase leading down here. 😮 HP[+1] As you open the door, it creaks loudly! 😮 HP[+1] MP[+1]
There is an open door here. 😮 HP[+1] 😮 HP[+1] MP[+1]
There is a staircase leading out of the dungeon here.
You have escaped!

Skill      XL: |  1  2  3  4  5  6  7  8  9 10 11 12 13 14 15 16 17 18 19 20 21 22 23 24 25 26 |
---------------+-------------------------------------------------------------------------------+-----
Short Blades   | 2 3 4 5 6 8 10 11 13 | 13.3
Fighting       | 3 4 6 7 8 10 11 13 14 16 18 20 22 24 | 24.2
Dodging        | 3 5 6 8 9 10 13 14 16 17 18 19 20 | 20.0
Stealth        | 5 |  5.0
Shields        | 5 7 13 15 16 18 | 18.0
Invocations    | 5 8 12 | 12.0
Staves         | 4 8 |  8.4
Evocations     | 5 6 |  6.0
Armour         | 9 10 12 13 14 15 16 | 16.0
Long Blades    | 10 11 15 16 | 16.1
Spellcasting   | 4 |  4.0
Transmutations | 7 8 |  8.0
Throwing       | |  1.7

Action                     |  1- 3 |  4- 6 |  7- 9 | 10-12 | 13-15 | 16-18 | 19-21 | 22-24 | 25-27 || total
---------------------------+-------+-------+-------+-------+-------+-------+-------+-------+-------++-------
  Melee: Dagger            |    47 |   114 |   264 |   643 |  1512 |   640 |     7 |       |       ||  3227
         Punch             |       |       |     1 |       |       |       |       |       |       ||     1
         Rapier            |       |       |       |       |       |    75 |       |       |       ||    75
         Demon blade       |       |       |       |       |       |   770 |  1539 |  2149 |  1024 ||  5482
  Throw: Dart              |     5 |     5 |    25 |    10 |    19 |     2 |       |       |       ||    66
         Throwing net      |       |       |       |     2 |       |       |       |       |       ||     2
   Cast: Wereblood         |       |       |       |       |       |       |     5 |    15 |    10 ||    30
 Invoke: Heroism           |       |       |       |     3 |    14 |    19 |    20 |       |       ||    56
         Finesse           |       |       |       |     1 |     6 |    11 |    10 |       |       ||    28
         Receive Weapon    |       |       |       |       |     1 |       |       |       |       ||     1
         Receive Armour    |       |       |       |       |     1 |       |       |       |       ||     1
         Duel              |       |       |       |       |       |     1 |     2 |       |       ||     3
         Depart the Abyss  |       |       |       |       |       |       |     2 |     1 |       ||     3
         Corrupt           |       |       |       |       |       |       |       |     1 |       ||     1
         Brand Weapon With |       |       |       |       |       |       |       |     1 |       ||     1
  Evoke: Wand              |       |     2 |     3 |     7 |    14 |     6 |     7 |     1 |    12 ||    52
         Sack of spiders   |       |       |       |       |       |       |       |       |     1 ||     1
    Use: Scroll            |       |     7 |     3 |    15 |    14 |    11 |    13 |    14 |    12 ||    89
         Potion            |       |       |     2 |     1 |     3 |     6 |     9 |     9 |    18 ||    48
   Stab: Sleeping          |     9 |    15 |     4 |     3 |     7 |     5 |    10 |     4 |     2 ||    59
         Distracted        |       |       |     1 |     1 |     2 |    20 |    52 |    24 |     4 ||   104
         Invisible         |       |       |       |    10 |       |       |       |       |     3 ||    13
         Paralysed         |       |       |       |       |     2 |       |     5 |     4 |     2 ||    13
 Armour: Robe              |    16 |    37 |    98 |   203 |     4 |       |       |       |       ||   358
         Pearl dragon scal |       |       |       |       |   727 |   731 |   627 |   734 |   507 ||  3326
         Skin              |       |       |       |       |       |       |       |       |     2 ||     2
  Dodge: Dodged            |    12 |    40 |   115 |   216 |   638 |   610 |   607 |   765 |   466 ||  3469
  Block: Buckler           |       |       |    22 |   313 |   854 |   535 |   214 |       |       ||  1938
         Reflection        |       |       |       |     1 |    14 |       |       |       |       ||    15
         Kite shield       |       |       |       |       |       |       |   611 |  1679 |   871 ||  3161

Levels and vault maps discovered:
D:1:      tarquinn_simple_flora_water_c, layout_basic
D:2:      layout_basic, uniq_jessica, uniq_crazy_yiuf_cottage
D:3:      layout_loops_ring, uniq_pargi, uniq_ijyb
D:4:      layout_gridville, gammafunk_ghost_nasty_kobolds
D:5:      layout_rooms, nicolae_gozag_seed_capital, trog_wizard
D:6:      layout_loops_corners, minmay_temple_entry_mini_moons,
          grunt_ministairs_12, serial_bayou_pond_c
D:7:      layout_cave_pools, lemuel_coloured_pillars_altar,
          minmay_parallelograms, grunt_decor_cap, minmay_misc_feat_four_crosses
D:8:      layout_cave_pods, nicolae_ru_path_of_blood
D:9:      layout_rooms, hellmonk_lair_entry_icy
D:10:     layout_rooms, nicolae_overflow_macrodata_refinement
D:11:     layout_cross, uniq_lodul
D:12:     hangedman_cross_veins, layout_cave_pools, serial_column_ruins,
          column_ruins_hut, column_ruins_columns_dead_end, column_ruins_grid_1,
          column_ruins_open_small, column_ruins_columns_straight,
          column_ruins_columns_straight, column_ruins_columns_straight,
          column_ruins_open_medium, minmay_beelzebubs_servants, uniq_snorg
D:13:     layout_gridville, minmay_diced_spiral, uniq_azrael
D:14:     layout_loops_ring, hangedman_vaults_entry_quadrant_bands,
          dreamdust_mushroom_princess
D:15:     hangedman_depths_entry_try_elsewhere_first, layout_loops_ring,
          serial_shops, shop, bloody_makhleb
Temple:   eino_narrow_crystal_temple
Lair:1:   layout_loops_ring, grunt_forest_large_clearing_hut, grunt_megastairs_4
Lair:2:   layout_hall_layers, minmay_swamp_entry_worms,
          minmay_snake_entry_six_corridors, basic_altar
Lair:3:   layout_loops_ring, cheibrodos_lair_lostbears
Lair:4:   layout_regular_city, uniq_nessos
Lair:5:   minmay_lair_end_frog_pond, layout_big_grid, slime_entry_1,
          minmay_lindwurm_lava, serial_bayou_shore_b, lemuel_fruit_fields
Swamp:1:  layout_falls_marsh, evilmike_swamp_ruin_house_2
Swamp:2:  layout_basic_swamp, nicolae_swamp_well_well_well
Swamp:3:  layout_falls_marsh, evilmike_swamp_ruin_rubble_2, uniq_louise,
          uniq_nikola, uniq_jorgrun, uniq_bai_suzhen
Swamp:4:  swamp_old_school, layout_basic_swamp, swamp_pool_1_2, uniq_roxanne
Snake:1:  layout_chambers, special_room, nicolae_snake_boneroom, uniq_josephine
Snake:2:  nicolae_sea_snake_s, layout_cave_town, serial_shops,
          nicolae_diamond_shop, nicolae_shop_temple_entry_statues_fountains,
          nicolae_shop_real_fake_doors, shop, serial_bayou_shore_b,
          minmay_shop_grove, uniq_saint_roka
Snake:3:  layout_honeycomb
Snake:4:  minmay_snake_end_coiled, layout_gridlike, gammafunk_ghost_arena,
          nicolae_shop_i_like_big_books, uniq_vashnia, uniq_aizul, uniq_agnes
Slime:1:  cheibrodos_slime_lost_civilization_10, layout_caves
Slime:2:  layout_caves
Slime:3:  layout_caves, basic_altar
Slime:4:  nicolae_slime_spelunking
Slime:5:  slime_pit_nicolae_inversion
Orc:1:    layout_caves
Orc:2:    grunt_orc_gardens, layout_diamond_mine, grunt_orc_garden,
          grunt_orc_garden, grunt_orc_garden, grunt_orc_garden, uniq_urug
Elf:1:    elf_arrival_001, layout_geoelf_grid, serial_shops, shop,
          minmay_elf_demonology, grunt_megastairs_5
Elf:2:    nicolae_elf_blades_splatter_lattice [nicolae_blade_lattice],
          layout_loops_cross, palyth_stone_intersect
Elf:3:    elf_hall, layout_gridlike, serial_shops, shop, dk_noncrumbling_3,
          grunt_megastairs_3, uniq_asterion
Vaults:1: nicolae_vaults_what_the_h, nicolae_vaults_corridor_and_loot_room,
          nicolae_vaults_diamond_2, nicolae_vaults_surprise_closet,
          vaults_mumra_minichess_inversion, grunt_vaults_funnel, v_misc_18,
          vaults_room_grid, nicolae_vaults_asterisk,
          nicolae_vaults_border_crossing, vaults_room_pool,
          nicolae_vaults_house_1, nicolae_vaults_house_1, nicolae_vaults_two_Ls,
          nicolae_vaults_diagonal_hallway_7, layout_vaults_maze_bifur,
          serial_shops, nicolae_shop_crystal
Vaults:2: minmay_crypt_entry_nasty_monster, v_rooms_6, vaults_dpeg_cross,
          nicolae_vaults_closet_pinwheel_5, nicolae_vaults_trapezoid_2,
          nicolae_vaults_house_3, v_misc_1, ontoclasm_vaults_loading_screen,
          layout_vaults_chaotic_city, serial_shops, statue_bzr
Vaults:3: regret_index_early_branch_jog, v_misc_30, vaults_room_hallway,
          nicolae_vaults_closet_pinwheel_1, hangedman_vaults_trim,
          nicolae_vaults_double_plus_2, layout_vaults_omnigrid
Vaults:4: hangedman_vaults_slither, grunt_vaults_hallway_long,
          nicolae_vaults_tangram_2, hangedman_vaults_impose,
          nicolae_vaults_trapezoid_lopsided_4, ontoclasm_vaults_hangar,
          hangedman_vaults_cutoff, nicolae_vaults_octothorpe,
          ontoclasm_vaults_chip, ontoclasm_vaults_ring_small,
          nicolae_vaults_oozy_zoo, layout_vaults_big_cross, uniq_margery,
          uniq_boris
Vaults:5: serial_shops
Crypt:1:  layout_chaotic_city, grunt_ministairs_3
Crypt:2:  gammafunk_sealed_library, layout_gridlike, lemuel_statue_altar,
          weyrava_vampire_temple
Crypt:3:  due_elkab, layout_chaotic_city
Depths:1: layout_forbidden_donut, pan_entry, grunt_hell_entry_dis_mu,
          nicolae_uskayaw_suspiria, grunt_ministairs_5,
          chequers_serial_rivers_micro_d, grunt_qazlal_clouds
Depths:2: lemuel_minitomb, layout_cave_pools, rand_demon_pan_entry_5,
          pf_vacation_house_of_asmodeus, minmay_misc_feat_secret_circle,
          infiniplex_staircase_diamond, serial_bayou_shore_b
Depths:3: minmay_quantized_circle, layout_basic, enter_ziggurat_f, abyss_entry,
          lightli_too_deep, uniq_mara, uniq_mennas
Depths:4: evilmike_zot_entry_diamond, layout_basic,
          nicolae_abyss_entry_one_way_or_another, hell_entry, serial_curves,
          eino_curves_03, eino_curves_03, grunt_guarded_unrand_obsidian_axe,
          grunt_megastairs_2
Zot:1:    grunt_zot_stairs_faceoff, layout_cathedral_of_symmetry
Zot:2:    layout_misc_corridors
Zot:3:    layout_basic, st_stairs_8
Zot:4:    lemuel_draconian_sentries_small, layout_cathedral_of_symmetry
Zot:5:    layout_misc_corridors, ebering_ghost_rock_garden, skrybe_zot_glass_3

Notes
Turn   | Place    | Note
-------+----------+-------------------------------------------
     0 | D:1      | MackTheKnife the Demonspawn Brigand began the quest for the
                  | Orb.
     0 | D:1      | Reached XP level 1. HP: 16/16 MP: 1/1
     0 | D:1      | magus.rc [v1.9.6]
   212 | D:1      | Reached skill level 2 in Short Blades
   266 | D:1      | Gained mutation: You are partially covered in sharp spines.
                  | [demonic ancestry]
   266 | D:1      | Reached XP level 2. HP: 23/23 MP: 2/2
   930 | D:2      | Noticed Jessica
   938 | D:2      | Killed Jessica
   939 | D:2      | Reached skill level 3 in Fighting
   939 | D:2      | Reached XP level 3. HP: 26/29 MP: 3/3
   988 | D:2      | Reached skill level 3 in Short Blades
  1087 | D:2      | Noticed an ogre
  1102 | D:2      | Killed an ogre
  1103 | D:2      | Reached skill level 4 in Fighting
  1103 | D:2      | Gained mutation: You have a pair of small antennae on your
                  | head. [demonic ancestry]
  1103 | D:2      | Reached XP level 4. HP: 37/37 MP: 4/4
  1103 | D:2      | Reached XP level 5. HP: 42/42 MP: 5/5
  1596 | D:2      | Found a runed translucent door.
  1597 | D:2      | Noticed Crazy Yiuf
  1660 | D:3      | Reached skill level 4 in Short Blades
  1704 | D:3      | Reached skill level 1 in Dodging
  1717 | D:3      | Noticed Ijyb
  1730 | D:3      | Killed Ijyb
  1810 | D:3      | Noticed Pargi
  1815 | D:3      | Killed Pargi
  1816 | D:3      | Reached skill level 3 in Dodging
  1816 | D:3      | Gained mutation: You have a pair of antennae on your head.
                  | [demonic ancestry]
  1816 | D:3      | Reached XP level 6. HP: 47/48 MP: 6/6
  2737 | D:4      | Found a runed translucent gate.
  2737 | D:4      | Found a runed translucent gate.
  2737 | D:4      | Found a runed translucent gate.
  2738 | D:4      | Noticed JaaP's ghost (novice GnEE)
  2909 | D:5      | Entered Level 5 of the Dungeon
  2931 | D:3      | Reached skill level 5 in Short Blades
  3106 | D:5      | Identified the +4 hand axe of Kemer {flame, rC++ rCorr
                  | Str-3}
  3156 | D:5      | Reached XP level 7. HP: 54/54 MP: 7/7
  3163 | D:5      | Reached skill level 6 in Short Blades
  3182 | D:5      | Reached skill level 5 in Fighting
  3434 | D:5      | Reached skill level 6 in Fighting
  3516 | D:5      | Found an opulent altar of Gozag.
  3640 | D:5      | Found a bloodstained altar of Trog.
  3642 | D:5      | Noticed an arcanist
  3646 | D:5      | Killed an arcanist
  3773 | D:6      | Gained mutation: You are partially covered in thin metallic
                  | scales. (AC +2) [demonic ancestry]
  3773 | D:6      | Reached XP level 8. HP: 63/64 MP: 8/8
  3856 | D:6      | You add the spells Blink and Manifold Assault to your
                  | library.
  4180 | D:6      | Found a staircase to the Ecumenical Temple.
  4198 | Temple   | Entered the Ecumenical Temple
  4204 | Temple   | Became a worshipper of Warmaster Okawaru
  4223 | D:6      | Reached skill level 7 in Fighting
  4223 | D:6      | Reached skill level 4 in Stealth
  4418 | D:6      | Reached skill level 5 in Stealth
  4732 | D:6      | Reached skill level 4 in Dodging
  4859 | D:6      | Reached * piety under Okawaru
  4926 | D:6      | Reached skill level 5 in Dodging
  4997 | D:6      | Reached XP level 9. HP: 59/70 MP: 9/9
  5231 | D:7      | Reached skill level 6 in Dodging
  5358 | D:7      | HP: 18/72 [poisoned by a gnoll sergeant]
  5792 | D:7      | Reached skill level 1 in Shields
  6018 | D:7      | Reached skill level 2 in Shields
  6096 | D:7      | Found a hazy altar of Hepliaklqana.
  6261 | D:7      | Reached ** piety under Okawaru
  6262 | D:7      | Reached skill level 7 in Short Blades
  6335 | D:8      | Identified the +6 dagger of Puckish Expedience {heavy,
                  | Will+}
  6415 | D:7      | Reached skill level 3 in Shields
  6576 | D:8      | Noticed a two-headed ogre
  6586 | D:8      | Killed a two-headed ogre
  6587 | D:8      | Reached skill level 4 in Shields
  6659 | D:8      | HP: 18/72 [orc warrior/+0 trident (9)]
  6660 | D:8      | HP: 7/72 [orc priest/divine providence (12)]
  6661 | D:8      | Reached skill level 8 in Short Blades
  6963 | D:8      | Reached *** piety under Okawaru
  7132 | D:8      | Found a sacrificial altar of Ru.
  7170 | D:8      | Noticed a two-headed ogre
  7185 | D:8      | Killed a two-headed ogre
  7186 | D:8      | Reached skill level 5 in Shields
  7186 | D:8      | Gained mutation: You are mostly covered in sharp spines.
                  | [demonic ancestry]
  7186 | D:8      | Reached XP level 10. HP: 71/79 MP: 10/10
  7488 | D:8      | Reached skill level 9 in Short Blades
  7855 | D:8      | HP: 8/79 [acid dragon/splash of acid (31)]
  8253 | D:9      | Reached **** piety under Okawaru
  8258 | D:9      | You pick up a book of Necromancy and begin reading...
  8258 | D:9      | You add the spells Necrotise, Vampiric Draining and Agony
                  | to your library.
  8351 | D:8      | Reached skill level 1 in Invocations
  8428 | D:9      | Reached skill level 2 in Invocations
  8527 | D:9      | Reached skill level 3 in Invocations
  8535 | D:9      | Reached skill level 8 in Fighting
  8545 | D:9      | Reached skill level 4 in Invocations
  8552 | D:9      | Reached ***** piety under Okawaru
  8558 | D:9      | Reached skill level 10 in Short Blades
  8564 | D:9      | Reached skill level 5 in Invocations
  8752 | D:9      | Found a staircase to the Lair.
  8820 | D:9      | Gained mutation: You are completely covered in sharp
                  | spines. [demonic ancestry]
  8820 | D:9      | Reached XP level 11. HP: 87/87 MP: 15/15
  8916 | D:9      | Received a gift from Okawaru
  9162 | D:10     | Entered Level 10 of the Dungeon
  9224 | D:10     | Reached skill level 6 in Invocations
  9300 | D:10     | Reached skill level 9 in Fighting
  9415 | D:10     | Reached skill level 7 in Invocations
  9646 | D:10     | Found a shimmering altar of Xom.
  9647 | D:10     | Found a shadowy altar of Dithmenos.
  9648 | D:10     | Found an ancient bone altar of Kikubaaqudgha.
  9693 | D:10     | Found a hide-covered altar of Uskayaw.
 10034 | Lair:1   | Entered Level 1 of the Lair of Beasts
 10061 | Lair:1   | Reached skill level 8 in Invocations
 10077 | Lair:1   | Reached skill level 10 in Fighting
 10090 | Lair:1   | Reached skill level 1 in Staves
 10090 | Lair:1   | Reached skill level 1 in Evocations
 10103 | Lair:1   | Reached skill level 2 in Evocations
 10108 | Lair:1   | Reached skill level 2 in Staves
 10132 | Lair:1   | Reached skill level 3 in Evocations
 10136 | Lair:1   | Reached skill level 3 in Staves
 10386 | Lair:1   | Reached skill level 4 in Evocations
 10551 | Lair:1   | Reached skill level 4 in Staves
 10619 | Lair:1   | Reached skill level 5 in Evocations
 10652 | Lair:1   | You pick up a book of Spectacle and begin reading...
 10652 | Lair:1   | You add the spells Volatile Blastmotes, Dazzling Flash,
                  | Starburst and Maxwell's Capacitive Coupling to your
                  | library.
 10806 | Lair:1   | You add the spells Sting, Poisonous Vapours and Olgreb's
                  | Toxic Radiance to your library.
 10831 | Lair:1   | You pick up a book of the Dragon and begin reading...
 10831 | Lair:1   | You add the spells Cause Fear and Fireball to your library.
 10972 | Lair:1   | Received a gift from Okawaru
 10973 | Lair:1   | Gained mutation: You have a pair of large antennae on your
                  | head. (SInv) [demonic ancestry]
 10973 | Lair:1   | Reached XP level 12. HP: 97/97 MP: 18/18
 10987 | Lair:1   | You pick up a book of Touch and begin reading...
 10987 | Lair:1   | You add the spells Kiss of Death, Confusing Touch and
                  | Dispel Undead to your library.
 11035 | Lair:1   | Reached skill level 5 in Staves
 11366 | Lair:2   | Found a staircase to the Snake Pit.
 11390 | Lair:2   | Reached skill level 6 in Evocations
 11451 | Lair:2   | Reached skill level 6 in Staves
 11829 | Lair:2   | Found an ancient bone altar of Kikubaaqudgha.
 11842 | Lair:2   | Noticed a five-headed hydra
 11848 | Lair:2   | Reached skill level 7 in Staves
 12026 | Lair:1   | Received a gift from Okawaru
 12376 | Lair:2   | Reached skill level 8 in Staves
 12483 | Lair:2   | Found a staircase to the Swamp.
 12492 | Lair:2   | You pick up a book of Necromancy and begin reading...
 12732 | Lair:2   | You fall into a shaft and drop 1 floor!
 13206 | Lair:3   | Noticed a death yak
 13215 | Lair:3   | Noticed a death yak
 13258 | Lair:3   | You pick up a book of Unlife and begin reading...
 13412 | Lair:3   | Reached skill level 7 in Dodging
 13557 | Lair:3   | Reached skill level 8 in Dodging
 14131 | Lair:3   | Noticed a death yak
 14132 | Lair:3   | Noticed a death yak
 14133 | Lair:3   | Noticed a death yak
 14133 | Lair:3   | Noticed a death yak
 14158 | Lair:3   | Killed a death yak
 14158 | Lair:3   | Reached ****** piety under Okawaru
 14163 | Lair:3   | Killed a death yak
 14164 | Lair:3   | Killed a death yak
 14164 | Lair:3   | Received a gift from Okawaru
 14165 | Lair:3   | Reached XP level 13. HP: 94/103 MP: 19/19
 14173 | Lair:3   | Reached skill level 9 in Dodging
 14297 | Lair:3   | Acquired the +9 pearl dragon scales of the Furies {rN+
                  | SInv}
 14297 | Lair:3   | Received a gift from Okawaru
 14298 | Lair:3   | i - the +9 pearl dragon scales of the Furies {rN+ SInv,
                  | rare=g}
 14309 | Lair:3   | You finish putting on the +9 pearl dragon scales of the
                  | Furies {rN+ SInv, rare=g}.
 14309 | Lair:3   | Acquired a +2 rapier of flaming
 14309 | Lair:3   | Received a gift from Okawaru
 14362 | Lair:3   | Reached skill level 1 in Armour
 14475 | Lair:4   | Reached skill level 2 in Armour
 14523 | Lair:4   | Reached skill level 3 in Armour
 14566 | Lair:4   | Reached skill level 4 in Armour
 14801 | Lair:4   | Received a gift from Okawaru
 15145 | Lair:4   | Reached skill level 5 in Armour
 15232 | Lair:4   | Noticed Nessos
 15239 | Lair:4   | Killed Nessos
 15404 | Lair:5   | Entered Level 5 of the Lair of Beasts
 15434 | Lair:5   | Found a staircase to the Slime Pits.
 15588 | Lair:5   | Reached skill level 6 in Armour
 15912 | Lair:5   | Reached skill level 7 in Armour
 16003 | Lair:5   | Received a gift from Okawaru
 16187 | Lair:4   | Reached skill level 8 in Armour
 16557 | Lair:5   | Reached skill level 9 in Armour
 16888 | Lair:5   | Received a gift from Okawaru
 16974 | Lair:5   | Reached XP level 14. HP: 110/110 MP: 20/20
 17456 | Lair:5   | Reached skill level 10 in Armour
 17688 | Lair:5   | Identified the +0 robe "Wunu" {Regen+}
 17807 | D:11     | Found a staircase to the Orcish Mines.
 17832 | Orc:1    | Entered Level 1 of the Orcish Mines
 17896 | Orc:1    | Reached skill level 10 in Dodging
 17911 | Orc:1    | Reached skill level 9 in Invocations
 18410 | Orc:2    | Entered Level 2 of the Orcish Mines
 18523 | Orc:1    | Reached skill level 10 in Invocations
 18642 | Orc:2    | Noticed a stone giant
 18664 | Orc:2    | Killed a stone giant
 18664 | Orc:2    | Received a gift from Okawaru
 18780 | Orc:2    | Found Huag's General Store.
 18814 | Orc:2    | Noticed Urug
 18826 | Orc:2    | Killed Urug
 18832 | Orc:2    | Reached skill level 11 in Invocations
 19314 | Orc:2    | Found Juinosea's Jewellery Boutique.
 19411 | Orc:2    | Reached skill level 12 in Invocations
 19517 | Orc:2    | Found a staircase to the Elven Halls.
 19559 | Orc:2    | Received a gift from Okawaru
 19588 | Orc:2    | Bought a ring of the Octopus King {HP+2 MP+9 AC+2 EV+2
                  | SH+2} for 676 gold pieces
 19588 | Orc:2    | Found the ring of the Octopus King {HP+2 MP+9 AC+2 EV+2
                  | SH+2}
 19664 | Orc:2    | Found Riwneo's Antique Weapon Boutique.
 19848 | Orc:2    | Noticed an orc warlord
 19905 | Orc:2    | Killed an orc warlord
 20062 | Orc:2    | Found Vusesutt's Antique Armour Shoppe.
 20070 | Orc:2    | Bought a pair of glowing boots for 232 gold pieces
 20279 | Orc:2    | Bought the amulet of Cureid {Spirit MP+9 Int+3 Slay+2} for
                  | 847 gold pieces
 20362 | D:11     | Noticed Lodul
 20410 | D:11     | Killed Lodul
 20639 | D:11     | Reached skill level 11 in Fighting
 20938 | D:12     | Received a gift from Okawaru
 20992 | D:12     | Reached skill level 11 in Short Blades
 21013 | D:12     | Noticed a fire giant
 21019 | D:12     | Killed a fire giant
 21054 | D:12     | Reached XP level 15. HP: 73/119 MP: 13/24
 21422 | D:12     | Identified the +5 scale mail "Ebbaik" {rF+}
 21441 | D:12     | Noticed Snorg
 21457 | D:12     | Killed Snorg
 22001 | D:12     | You add the spells Ignite Poison, Sticky Flame and Ignition
                  | to your library.
 22106 | D:12     | magus.rc [v1.9.6]
 22436 | D:13     | Reached skill level 12 in Fighting
 22436 | D:13     | Noticed Azrael
 22460 | D:13     | Killed Azrael
 22460 | D:13     | Received a gift from Okawaru
 23393 | D:14     | Reached skill level 12 in Short Blades
 23893 | D:14     | Reached skill level 13 in Fighting
 23922 | D:14     | Received a gift from Okawaru
 24404 | D:14     | Found a gate to the Vaults.
 24512 | D:15     | Entered Level 15 of the Dungeon
 24636 | D:15     | Reached skill level 13 in Short Blades
 24677 | D:15     | Identified the +7 sling of the Doomed Warrior {flame, rPois
                  | rN+++ Int-5 Dex+4 Stlth-}
 24710 | D:15     | Paralysed by an ogre mage for 4 turns
 24732 | D:15     | Received a gift from Okawaru
 24924 | D:15     | Found Abophuum's Weapon Shop.
 25111 | D:15     | Found a burning altar of Makhleb.
 25160 | D:15     | Found a staircase to the Depths.
 25233 | D:15     | Identified the +1 ring mail of Complete Protection {-Tele
                  | Str+6 Int+2}
 25314 | D:15     | Reached XP level 16. HP: 132/132 MP: 25/25
 25404 | D:15     | Reached skill level 14 in Fighting
 25683 | Elf:1    | Entered Level 1 of the Elven Halls
 25719 | Orc:2    | Received a gift from Okawaru
 26071 | Elf:1    | You pick up a book of Alchemy and begin reading...
 26071 | Elf:1    | You add the spells Sublimation of Blood, Petrify and
                  | Irradiate to your library.
 26072 | Elf:1    | Found Vanurooc's General Store.
 26078 | Elf:1    | Bought a potion of invisibility for 120 gold pieces
 26078 | Elf:1    | Bought a scroll of enchant weapon for 112 gold pieces
 26193 | Elf:1    | Got the Quarto of Attendants
 26208 | Elf:1    | Received a gift from Okawaru
 26411 | Elf:1    | Reached skill level 11 in Dodging
 26446 | Elf:1    | Reached skill level 11 in Armour
 27182 | Elf:1    | magus.rc [v1.9.6]
 27320 | Elf:2    | Paralysed by an air elemental for 1 turns
 27409 | Elf:2    | Received a gift from Okawaru
 27429 | Elf:2    | Paralysed by an air elemental for 1 turns
 27466 | Arena    | Entered the Arena
 27496 | Elf:2    | Reached skill level 12 in Armour
 27496 | Elf:2    | Reached skill level 12 in Dodging
 28068 | Elf:2    | Found a runed translucent gate.
 28069 | Elf:2    | Found a runed translucent gate.
 28070 | Elf:2    | Found a runed translucent gate.
 28392 | Elf:2    | Reached skill level 13 in Dodging
 28568 | Elf:2    | Received a gift from Okawaru
 28593 | Elf:2    | Noticed a deep elf blademaster
 28609 | Elf:2    | Killed a deep elf blademaster
 28627 | Elf:2    | Gained mutation: You are mostly covered in thin metallic
                  | scales. (AC +3) [demonic ancestry]
 28627 | Elf:2    | Reached XP level 17. HP: 92/139 MP: 24/26
 28886 | Elf:2    | Reached skill level 14 in Dodging
 29076 | Elf:3    | Entered Level 3 of the Elven Halls
 29248 | Elf:3    | Noticed Asterion
 29287 | Elf:3    | Killed Asterion
 29288 | Elf:3    | Reached skill level 1 in Long Blades
 29312 | Elf:3    | Reached skill level 2 in Long Blades
 29385 | Elf:3    | Reached skill level 3 in Long Blades
 29470 | Elf:3    | Reached skill level 4 in Long Blades
 30078 | Elf:3    | Reached skill level 5 in Long Blades
 30223 | Elf:3    | Found Ywal's Magic Scroll Emporium.
 30227 | Elf:3    | Bought a scroll of blinking for 82 gold pieces
 30489 | Snake:1  | Entered Level 1 of the Snake Pit
 30746 | Snake:1  | Reached skill level 6 in Long Blades
 30990 | Snake:1  | Noticed Josephine
 31007 | Snake:1  | Killed Josephine
 31075 | Snake:1  | Received a gift from Okawaru
 31076 | Snake:1  | Reached skill level 7 in Long Blades
 31395 | Snake:1  | Reached skill level 8 in Long Blades
 32106 | Snake:2  | Reached skill level 9 in Long Blades
 32207 | Snake:2  | Found Byz Zerr's Jewellery Shop.
 32212 | Snake:2  | Found Cijafo Lusu's Book Shoppe.
 32213 | Snake:2  | Found Songuott's Jewellery Shop.
 32248 | Snake:2  | Found Gyamag's Jewellery Shoppe.
 32257 | Snake:2  | Found Niskymm's Armour Shoppe.
 32289 | Snake:2  | Found Gielulim's Armour Shoppe.
 32856 | Snake:2  | Found Qiozy's Assorted Antiques.
 32873 | Snake:2  | Noticed Saint Roka
 32875 | Snake:2  | Bought a potion of mutation for 264 gold pieces
 33234 | Snake:2  | Killed Saint Roka
 33235 | Snake:2  | Reached skill level 10 in Long Blades
 33563 | Snake:3  | Gained mutation: Spells you cast may paralyse adjacent
                  | enemies. [demonic ancestry]
 33563 | Snake:3  | Reached XP level 18. HP: 137/146 MP: 27/27
 33873 | Snake:3  | Identified the +0 short sword of Temperance {heavy, rPois
                  | Int+2 Dex+3 SInv}
 34263 | Snake:3  | Identified the +4 hand axe "Ogrebane" {flame, rElec rF-
                  | Will++ Int-5}
 34466 | Snake:3  | Reached skill level 11 in Long Blades
 34628 | Snake:4  | Entered Level 4 of the Snake Pit
 34637 | Snake:4  | Found the +8 demon blade "Leech" {evervamp, Harm Drain rN+}
 34655 | Snake:4  | Noticed graki42's ghost (adept DECj)
 34699 | Snake:4  | Found a transporter.
 34702 | Snake:4  | Found a transporter.
 34803 | Snake:4  | You pick up a book of Winter and begin reading...
 34803 | Snake:4  | You add the spells Ozocubu's Armour and Metabolic
                  | Englaciation to your library.
 34955 | Snake:4  | Noticed Vashnia
 35183 | Snake:4  | Found Xonef's Tremendous Tomes.
 35276 | Snake:4  | Noticed Agnes
 35284 | Snake:4  | Killed Agnes
 35320 | Snake:4  | Identified the serpent talisman "Ehylan" {*Slow rElec rPois
                  | rF+++}
 35320 | Snake:4  | Noticed Aizul
 35332 | Snake:4  | Killed Aizul
 35982 | Snake:4  | Reached skill level 13 in Armour
 35987 | Snake:4  | Reached skill level 15 in Fighting
 36189 | Snake:4  | Got a serpentine rune of Zot
 36365 | Snake:4  | Killed Vashnia
 36500 | Snake:2  | Bought a +1 pair of boots of flying for 231 gold pieces
 36534 | Snake:2  | Bought a book of Blood for 504 gold pieces
 36534 | Snake:2  | You pick up a book of Blood and begin reading...
 36537 | Snake:2  | Learned a level 2 spell: Wereblood
 36537 | Snake:2  | magus.rc [v1.9.6]
 36712 | Swamp:1  | Entered Level 1 of the Swamp
 37109 | Swamp:1  | Reached skill level 6 in Shields
 37150 | Lair:2   | Received a gift from Okawaru
 38324 | Swamp:2  | Reached skill level 7 in Shields
 38483 | Swamp:2  | Reached skill level 16 in Fighting
 38483 | Swamp:2  | Reached XP level 19. HP: 102/157 MP: 28/28
 38902 | Swamp:3  | Noticed Louise
 38913 | Swamp:3  | Killed Louise
 38913 | Swamp:3  | Received a gift from Okawaru
 38999 | Swamp:3  | Noticed Bai Suzhen
 39000 | Swamp:3  | Noticed Jorgrun
 39010 | Swamp:3  | Noticed Nikola
 39244 | Arena    | Entered the Arena
 39250 | Arena    | Killed Nikola
 39251 | Arena    | Reached skill level 8 in Shields
 39382 | Swamp:4  | Entered Level 4 of the Swamp
 39382 | Swamp:4  | Noticed Roxanne
 39663 | Swamp:4  | Reached skill level 9 in Shields
 39794 | Swamp:4  | Noticed the 27-headed Lernaean hydra
 40022 | Vaults:1 | Entered Level 1 of the Vaults
 40057 | D:14     | Reached skill level 10 in Shields
 40627 | Vaults:1 | Reached skill level 11 in Shields
 40929 | Vaults:1 | Received a gift from Okawaru
 41302 | Vaults:1 | Found Malaor's Magic Scroll Boutique.
 41425 | Vaults:1 | Bought a scroll of blinking for 135 gold pieces
 41425 | Vaults:1 | Bought a scroll of enchant weapon for 135 gold pieces
 41425 | Vaults:1 | Bought a scroll of teleportation for 54 gold pieces
 41485 | Vaults:1 | Reached skill level 12 in Shields
 41984 | Vaults:1 | You fall into a shaft and drop 1 floor!
 42272 | Vaults:1 | Reached skill level 13 in Shields
 42354 | Vaults:2 | Found a gateway to a bazaar.
 42366 | Bazaar   | Entered a bazaar
 42540 | Bazaar   | Found Afiadir's Distillery.
 42553 | Bazaar   | Found Tawesm's Assorted Antiques.
 42582 | Bazaar   | Found Xaleogy's Weapon Shop.
 42582 | Bazaar   | Found Veschouj's Book Boutique.
 42606 | Bazaar   | Bought 2 potions of might for 120 gold pieces
 42606 | Bazaar   | Bought a potion of heal wounds for 75 gold pieces
 42606 | Bazaar   | Bought a potion of haste for 150 gold pieces
 42606 | Bazaar   | Bought a potion of ambrosia for 120 gold pieces
 43015 | Vaults:2 | Noticed a bone dragon
 43026 | Vaults:2 | Killed a bone dragon
 43027 | Vaults:2 | Reached XP level 20. HP: 164/164 MP: 29/29
 43049 | Vaults:2 | Found a staircase to the Crypt.
 43481 | Vaults:2 | Reached skill level 14 in Shields
 44021 | Vaults:2 | Received a gift from Okawaru
 44544 | Vaults:3 | Reached skill level 15 in Shields
 44551 | Vaults:3 | Reached skill level 1 in Spellcasting
 44551 | Vaults:3 | Reached skill level 1 in Transmutations
 44804 | Vaults:3 | Reached skill level 2 in Spellcasting
 44804 | Vaults:3 | Reached skill level 2 in Transmutations
 44965 | Vaults:3 | Reached skill level 3 in Spellcasting
 44965 | Vaults:3 | Reached skill level 3 in Transmutations
 45466 | Vaults:3 | Received a gift from Okawaru
 45717 | Vaults:3 | Reached skill level 4 in Spellcasting
 45717 | Vaults:3 | Reached skill level 4 in Transmutations
 45962 | Vaults:3 | Reached skill level 5 in Transmutations
 46248 | Vaults:3 | Reached skill level 6 in Transmutations
 46444 | Vaults:3 | Found Mehaclef's Weapon Shoppe.
 46456 | Vaults:3 | Received a gift from Okawaru
 46862 | Vaults:3 | HP: 34/164 [poisoned by a deep elf annihilator (poison
                  | arrow)]
 46863 | Arena    | Entered the Arena
 47108 | Vaults:3 | Reached skill level 7 in Transmutations
 47418 | Vaults:4 | Identified the +2 leather armour "Licsid" {Str+4}
 47602 | Vaults:4 | You pick up a book of the Earth and begin reading...
 47602 | Vaults:4 | You add the spells Leda's Liquefaction, Lee's Rapid
                  | Deconstruction and Bombard to your library.
 47727 | Vaults:4 | Noticed Margery
 47742 | Vaults:4 | Killed Margery
 47743 | Vaults:4 | Gained mutation: You are robust. (+10% HP) [demonic
                  | ancestry]
 47743 | Vaults:4 | Reached XP level 21. HP: 107/188 MP: 29/30
 48017 | Vaults:4 | Found a runed translucent door.
 48171 | Vaults:4 | Reached skill level 14 in Armour
 48176 | Vaults:4 | Reached skill level 8 in Transmutations
 48204 | Vaults:4 | You add the spells Passwall and Eringya's Noxious Bog to
                  | your library.
 48204 | Vaults:4 | Got the Handbook of Shapeshifting
 48279 | Vaults:4 | Received a gift from Okawaru
 48747 | Vaults:4 | Noticed Boris
 48758 | Vaults:4 | Killed Boris
 48907 | Vaults:4 | magus.rc [v1.9.6]
 48914 | Vaults:4 | magus.rc [v1.9.6]
 49381 | Elf:3    | Identified the ring "Irchem" {*Slow rC+ MP+9 Stlth+}
 49497 | Elf:3    | Identified the +4 battleaxe of Patterns {freeze, rCorr
                  | Str-3 SInv}
 49712 | Elf:3    | Paralysed by an air elemental for 1 turns
 49767 | Elf:3    | You are cast into the Abyss!
 49767 | Abyss:3  | Cast into level 3 of the Abyss (a deep elf demonologist)
 49923 | Abyss:3  | Found a corrupted altar of Lugonu.
 49955 | Abyss:3  | Fell from the grace of Okawaru
 49955 | Abyss:3  | Became a worshipper of Lugonu the Unformed
 49955 | Abyss:3  | Reached * piety under Lugonu
 49955 | Abyss:3  | Reached ** piety under Lugonu
 49956 | Elf:3    | You pass through the gate.
 49956 | Elf:3    | Escaped the Abyss
 49961 | Elf:3    | Reached skill level 17 in Fighting
 49972 | Elf:3    | Reached skill level 15 in Dodging
 50103 | Elf:3    | a deep elf sorcerer comes into view. It is wielding a +5
                  | war axe of flaming, wearing a +2 robe of positive energy
                  | and wearing the macabre finger necklace {Finger+ rN+}.
 50157 | Elf:3    | You are cast into the Abyss!
 50157 | Abyss:3  | Cast into level 3 of the Abyss (a deep elf sorcerer)
 50158 | Elf:3    | You pass through the gate.
 50158 | Elf:3    | Escaped the Abyss
 50304 | Elf:3    | You pick up a book of the Warp and begin reading...
 50304 | Elf:3    | You add the spells Dispersal and Disjunction to your
                  | library.
 50317 | Elf:3    | You pick up a book of Armaments and begin reading...
 50317 | Elf:3    | You add the spells Stone Arrow, Animate Armour and
                  | Lehudib's Crystal Spear to your library.
 50325 | Elf:3    | Identified the +1 leather armour "Kefi Rona" {Regen+ Int+4
                  | Dex-2}
 50343 | Elf:3    | You add the spells Dimensional Bullseye and Summon Forest
                  | to your library.
 50343 | Elf:3    | Got the Reference Book on Changing and Peregrination
 50352 | Elf:3    | Got the Spellbook of Indurated Companions
 50356 | Elf:3    | Identified the +2 pair of boots of Nemelex Xobeh's Wrath
                  | {rElec rPois rF-}
 50365 | Elf:3    | You pick up a book of Conjurations {@e2} and begin
                  | reading...
 50365 | Elf:3    | You add the spells Magic Dart, Searing Ray and Fulminant
                  | Prism to your library.
 50745 | Slime:1  | Entered Level 1 of the Pits of Slime
 50781 | Slime:1  | Gained mutation: Your magical capacity is low. (-10% MP) [a
                  | shining eye]
 51300 | Slime:4  | Gained mutation: Armour fits poorly on your strangely
                  | shaped body. [a shining eye]
 51434 | Slime:5  | Entered Level 5 of the Pits of Slime
 51523 | Slime:5  | Paralysed by a formless jellyfish for 1 turns
 51530 | Slime:5  | Paralysed by a formless jellyfish for 1 turns
 51531 | Slime:5  | HP: 28/195 [enormous slime creature (45)]
 51978 | Slime:5  | Reached *** piety under Lugonu
 52241 | Slime:5  | Paralysed by a formless jellyfish for 1 turns
 52254 | Slime:5  | Reached skill level 18 in Fighting
 52408 | Slime:5  | Found the +3 pair of mountain boots {steadfast, rC+}
 52454 | Slime:5  | Reached skill level 16 in Dodging
 52460 | Slime:5  | Gained mutation: Your spells are a little easier to cast,
                  | but a little less powerful. [a shining eye]
 52501 | Slime:5  | Gained mutation: You are very robust. (+20% HP) [demonic
                  | ancestry]
 52501 | Slime:5  | Reached XP level 22. HP: 133/220 MP: 27/27
 52701 | Slime:5  | Noticed the Royal Jelly
 52717 | Slime:5  | Killed the Royal Jelly
 52980 | Slime:5  | You pick up a book of the Warp and begin reading...
 52995 | Slime:5  | Identified the staff of Slow Death {rN+ SInv Hexes Necro}
 52999 | Slime:5  | You add the spells Cigotuvi's Dreadful Rot and Freezing
                  | Cloud to your library.
 53061 | Slime:5  | Got Sif Muna's Tome of the Dragon and Malevolent Spells
 53063 | Slime:5  | You pick up a book of Beasts and begin reading...
 53063 | Slime:5  | You add the spells Summon Ice Beast, Summon Mana Viper and
                  | Monstrous Menagerie to your library.
 53419 | Slime:5  | Identified the +0 pair of gloves of Words of Power {Harm
                  | rElec}
 53503 | Slime:5  | You add the spells Vhi's Electric Charge and Arcjolt to
                  | your library.
 53508 | Slime:5  | Identified the -2 pair of boots of the Zebrataur {rF-
                  | Regen+ Int+3 SInv}
 53527 | Slime:5  | Got a slimy rune of Zot
 53640 | Slime:4  | Lost mutation: Armour fits poorly on your strangely shaped
                  | body. [potion of mutation]
 53640 | Slime:4  | Lost mutation: Your magical capacity is low. (-10% MP)
                  | [potion of mutation]
 53640 | Slime:4  | Lost mutation: Your spells are a little easier to cast, but
                  | a little less powerful. [potion of mutation]
 53640 | Slime:4  | Gained mutation: Your muscles are strong. (Str +4, Int/Dex
                  | -1) [potion of mutation]
 53990 | Depths:1 | Entered Level 1 of the Depths
 54092 | Depths:1 | Reached **** piety under Lugonu
 54100 | Depths:1 | Reached skill level 19 in Fighting
 54908 | Depths:1 | Found a stormy altar of Qazlal.
 55075 | Depths:1 | Reached skill level 20 in Fighting
 55078 | Depths:1 | Reached ***** piety under Lugonu
 55113 | Depths:1 | Found a one-way gate leading to the halls of Pandemonium.
 55290 | Depths:1 | Found a hide-covered altar of Uskayaw.
 55409 | Depths:1 | Found a gateway to Hell.
 56300 | Depths:2 | Was forgiven by Okawaru
 57356 | Depths:2 | Noticed a royal mummy
 57372 | Depths:2 | Killed a royal mummy
 57649 | Depths:2 | Got the Atlas of Bewitching Angles
 57651 | Depths:2 | You pick up a book of Spatial Translocations and begin
                  | reading...
 57651 | Depths:2 | You add the spells Momentum Strike and Lesser Beckoning to
                  | your library.
 57712 | Depths:3 | Found a one-way gate to the infinite horrors of the Abyss.
 57720 | Depths:3 | Found a one-way gateway to a ziggurat.
 57889 | Depths:3 | Reached skill level 15 in Armour
 57925 | Depths:3 | Noticed Mennas
 58161 | Depths:3 | Reached skill level 17 in Dodging
 58172 | Depths:3 | Noticed a caustic shrike
 58191 | Depths:3 | Reached XP level 23. HP: 137/235 MP: 32/32
 58191 | Depths:3 | Killed a caustic shrike
 58391 | Depths:3 | Reached ****** piety under Lugonu
 58392 | Depths:3 | Identified a +9 demon blade of distortion {long} (a +8
                  | spectral demon blade {long} corrupted by Lugonu)
 58392 | Depths:3 | Received a gift from Lugonu
 58475 | Depths:3 | Identified the +10 plate armour of Dystru {rCorr}
 58607 | Depths:3 | Noticed Mara
 58625 | Depths:3 | Killed Mara
 59013 | Depths:3 | Identified the +9 chain mail of Wrong Decisions {Dex+3}
 59157 | Depths:3 | You are cast into the Abyss!
 59157 | Abyss:3  | Cast into level 3 of the Abyss (an occultist)
 59159 | Depths:3 | You pass through the gate.
 59159 | Depths:3 | Escaped the Abyss
 59188 | Depths:3 | Reached skill level 16 in Armour
 59274 | Depths:3 | +0 storm dragon scales {rare}; a storm dragon corpse
 59301 | Depths:3 | Reached skill level 18 in Dodging
 59324 | Depths:3 | +0 storm dragon scales {rare}; a storm dragon corpse
 59750 | Depths:4 | Entered Level 4 of the Depths
 59829 | Depths:4 | Lost mutation: Your muscles are strong. (Str +4, Int/Dex
                  | -1) [mutagenic glow]
 59847 | Depths:3 | Gained mutation: You are weak. (Str -2) [mutagenic glow]
 59873 | Depths:3 | Gained mutation: Your flesh is heat resistant. (rF+)
                  | [mutagenic glow]
 60071 | Depths:4 | Reached skill level 12 in Long Blades
 60403 | Depths:4 | Identified +0 gold dragon scales
 60443 | Depths:4 | Reached skill level 13 in Long Blades
 60443 | Depths:4 | Noticed a juggernaut
 60476 | Depths:4 | Killed a juggernaut
 60800 | Depths:4 | Found a burning altar of Makhleb.
 60961 | Depths:4 | HP: 59/237 [poisoned by a green draconian monk (poison
                  | gas)]
 61287 | Depths:4 | Corrupted Depths:4
 61293 | Depths:4 | Noticed a dread lich
 61316 | Depths:4 | Noticed a caustic shrike
 61316 | Depths:4 | Noticed a caustic shrike
 61316 | Depths:4 | Noticed a caustic shrike
 61316 | Depths:4 | Noticed a caustic shrike
 61316 | Depths:4 | Noticed a caustic shrike
 61328 | Depths:4 | HP: 59/237 [poisoned by a green draconian (poison gas)]
 61821 | Depths:4 | Reached skill level 14 in Long Blades
 61920 | Depths:4 | Paralysed by a vampire knight for 3 turns
 62307 | Depths:4 | Found a gate to the Realm of Zot.
 62741 | Depths:4 | Found a burning altar of Makhleb.
 62741 | Depths:4 | Found the +16 obsidian axe {drain, demonic, Mesm Drain Fly
                  | SInv}
 62948 | Vaults:5 | Entered Level 5 of the Vaults
 63257 | Vaults:5 | Reached skill level 15 in Long Blades
 63260 | Vaults:5 | Identified the +3 rapier "Ogrebane" {venom, rF+ rCorr
                  | Dex+3}
 63280 | Vaults:5 | Gained mutation: Spells you cast may paralyse nearby
                  | enemies. [demonic ancestry]
 63280 | Vaults:5 | Reached XP level 24. HP: 226/244 MP: 32/32
 63306 | Vaults:5 | +0 shadow dragon scales {rare}; a shadow dragon corpse
 63608 | Vaults:5 | Reached skill level 16 in Long Blades
 63662 | Vaults:5 | Identified the +5 pair of gloves of the Good {+Blink Fly
                  | rElec Will++}
 63714 | Vaults:5 | Identified the +2 longbow "Ogreslayer" {drain, rC+ Int+3
                  | SInv}
 63724 | Vaults:5 | Got the Codex of the Crypt
 63733 | Vaults:5 | You pick up a book of the Tundra and begin reading...
 63751 | Vaults:5 | magus.rc [v1.9.6]
 63917 | Vaults:5 | Noticed an ancient lich
 63918 | Vaults:5 | +0 storm dragon scales {rare}; a storm dragon corpse
 63922 | Vaults:5 | Banished an ancient lich
 64080 | Vaults:5 | Got a silver rune of Zot
 64260 | Vaults:5 | Identified the +5 battleaxe of Destruction {drain, rC++}
 64426 | Vaults:5 | Identified the amulet "Guxtayf" {Reflect Harm rF- Regen+
                  | SH+5}
 64993 | Crypt:1  | Entered Level 1 of the Crypt
 65193 | Crypt:1  | Reached skill level 16 in Shields
 65519 | Crypt:1  | Reached skill level 19 in Dodging
 65521 | Crypt:1  | Identified the amulet of Vekhaopt {Reflect Dex+3 SH+5}
 65926 | Crypt:2  | Noticed a curse skull
 65932 | Crypt:2  | Killed a curse skull
 66049 | Crypt:2  | Found an ancient bone altar of Kikubaaqudgha.
 66082 | Crypt:2  | Got the Elucidation of Evil Deeds
 66160 | Crypt:2  | Identified the ring "Micutsadd" {rPois rF+++ rCorr EV+5
                  | Dex-5}
 66268 | Crypt:2  | Found an ancient bone altar of Kikubaaqudgha.
 66349 | Crypt:2  | Found a shimmering blue altar of Sif Muna.
 66451 | Crypt:2  | Found a transporter.
 66569 | Crypt:2  | Noticed Boris
 66585 | Crypt:2  | Killed Boris
 66732 | Crypt:3  | Entered Level 3 of the Crypt
 66838 | Crypt:3  | Gained mutation: You are extremely robust. (+30% HP)
                  | [demonic ancestry]
 66838 | Crypt:3  | Reached XP level 25. HP: 243/273 MP: 32/32
 66843 | Crypt:3  | Reached skill level 17 in Shields
 67084 | Crypt:3  | Identified the amulet of Rinusiuwe {Reflect Dex+2 SH+5}
 67130 | Crypt:3  | Noticed a curse skull
 67141 | Crypt:3  | Killed a curse skull
 67186 | Crypt:3  | Identified the +2 shortbow of Peymm {heavy, rPois Str+4}
 67340 | Crypt:3  | Identified the ring "Rasunow" {Drain rElec rPois rN+
                  | Will++}
 67340 | Crypt:3  | Identified the ring "Qosett" {rN+ Will+ Slay+3}
 67365 | Crypt:3  | You pick up a book of Dreams and begin reading...
 67365 | Crypt:3  | You add the spells Jinxbite, Ensorcelled Hibernation and
                  | Anguish to your library.
 67627 | Crypt:3  | You pick up a book of Blasting and begin reading...
 67643 | Crypt:3  | Reached skill level 20 in Dodging
 67645 | Crypt:3  | Found a staircase to the Tomb.
 67987 | Crypt:3  | Reached skill level 18 in Shields
 68176 | Crypt:3  | Got Borgnjor's Opusculum on Malevolent Rituals
 68230 | Crypt:3  | Identified the ring of Ureinom {Ice Str+3 Dex-4}
 68236 | Crypt:3  | Identified the storm talisman "Yrikeso" {Dex+2}
 68260 | Crypt:3  | Got the Folio of Formation and Energy
 68544 | Zot:1    | Entered Level 1 of the Realm of Zot
 68815 | Swamp:3  | Banished Bai Suzhen
 68867 | Swamp:4  | Killed the 26-headed Lernaean hydra
 69221 | Swamp:4  | Got a decaying rune of Zot
 69513 | Swamp:3  | Killed Jorgrun
 70162 | Zot:1    | magus.rc [v1.9.6]
 70213 | Zot:1    | Reached skill level 21 in Fighting
 70254 | Zot:1    | Noticed a Killer Klown
 70278 | Zot:1    | the +9 pearl dragon scales of the Furies {rN+ SInv, rare=g}
                  | melds into your body.
 70279 | Zot:1    | the +9 pearl dragon scales of the Furies {rN+ SInv, rare=g}
                  | unmelds from your body.
 70301 | Zot:1    | Killed a Killer Klown
 70410 | Zot:1    | Noticed an electric golem
 70456 | Zot:1    | Killed an electric golem
 70480 | Zot:1    | Noticed a Killer Klown
 70527 | Zot:1    | the +9 pearl dragon scales of the Furies {rN+ SInv, rare=g}
                  | melds into your body.
 70597 | Depths:4 | the +9 pearl dragon scales of the Furies {rN+ SInv, rare=g}
                  | unmelds from your body.
 70710 | Zot:1    | Banished a Killer Klown
 70836 | Zot:3    | Noticed a curse toe
 70836 | Zot:3    | Noticed a curse toe
 71077 | Zot:4    | Reached skill level 22 in Fighting
 71081 | Zot:4    | Noticed an electric golem
 71116 | Zot:4    | Killed an electric golem
 71515 | Zot:5    | Entered Level 5 of the Realm of Zot
 71751 | Zot:5    | Found a runed translucent gate.
 71752 | Zot:5    | Found a runed translucent gate.
 71753 | Zot:5    | Found a runed translucent gate.
 71761 | Zot:5    | Gained mutation: Spells you cast and wands you use may
                  | paralyse nearby enemies. [demonic ancestry]
 71761 | Zot:5    | Reached XP level 26. HP: 295/295 MP: 32/32
 71767 | Zot:5    | Noticed Cyqimiab's ghost (legendary MfGl)
 71795 | Zot:5    | Reached skill level 23 in Fighting
 71997 | Zot:5    | Noticed an orb of fire
 71999 | Zot:5    | Noticed an orb of fire
 72009 | Zot:5    | Gained mutation: You occasionally lose the ability to drink
                  | potions when taking damage. [an orb of fire]
 72014 | Zot:5    | Killed an orb of fire
 72025 | Zot:5    | Killed an orb of fire
 72029 | Zot:5    | Noticed an orb of fire
 72039 | Zot:5    | Banished an orb of fire
 72418 | Zot:5    | Noticed an electric golem
 72419 | Zot:5    | Noticed an orb of fire
 72425 | Zot:5    | Got the Orb of Zot
 72575 | Zot:2    | Noticed Coeriz the pandemonium lord
 72751 | D:13     | Noticed Haisk the pandemonium lord
 72769 | D:12     | Reached skill level 24 in Fighting
 73017 | D:2      | Noticed Boris
 73037 | D:2      | Killed Boris
 73056 | D:2      | Noticed Waun Wut the pandemonium lord
 73072 | D:$      | Escaped with the Orb!

Vanquished Creatures
  the Royal Jelly (Slime:5)
  Mara (Depths:3)
  2 orbs of fire (Zot:5)
  A juggernaut (Depths:4)
  A royal mummy (Depths:2)
  Boris (thrice) (Vaults:4 Crypt:2 D:2)
  3 Killer Klowns
  the Lernaean hydra (Swamp:4)
  Margery (Vaults:4)
  Vashnia (Snake:4)
  A caustic shrike (Depths:3)
  Saint Roka (Snake:2)
  Nikola (Arena)
  4 golden dragons
  A bone dragon (Vaults:2)
  2 electric golems
  Jorgrun (Swamp:3)
  7 tentacled monstrosities
  3 liches
  5 quicksilver dragons
  4 titans
  14 Orb Guardians
  18 acid blobs
  3 deep elf blademasters
  Asterion (Elf:3)
  3 deep elf master archers
  An Executioner (D:2)
  3 death cobs
  3 sphinxes
  2 tengu reavers
  2 fenstrider witches
  6 shadow dragons
  A thorn hunter (Swamp:3)
  Agnes (Snake:4)
  10 rockslimes (Slime:5)
  5 azure jellies
  7 storm dragons
  4 revenants
  A draconian monk (Depths:4)
  5 nagarajas
  4 draconian knights
  Aizul (Snake:4)
  An iron dragon (Vaults:5)
  12 frost giants
  8 deep elf sorcerers
  19 vault wardens
  A spectral juggernaut (Depths:2)
  9 fire giants
  A ghost moth (Zot:5)
  A balrug (Depths:3)
  2 spectral caustic shrikes (Crypt:3)
  A draconian shifter (Zot:5)
  3 deep elf elementalists (Elf:3)
  3 orc warlords
  Louise (Swamp:3)
  8 ghouls
  3 draconian stormcallers
  17 ironbound preservers
  2 curse skulls
  A draconian annihilator (Zot:3)
  2 reapers
  13 quicksilver oozes
  16 stone giants
  3 war gargoyles
  6 vampire knights
  10 formless jellyfish
  7 ironbound thunderhulks
  5 deep elf demonologists
  31 very ugly things
  4 black draconians
  Nessos (Lair:4)
  Azrael (D:13)
  7 purple draconians
  6 eleionomae
  4 bunyips
  20 dire elephants
  A minotaur (Elf:3)
  2 spectral titans
  7 green draconians
  11 eidola
  3 yellow draconians
  12 spark wasps
  4 red draconians
  10 deep elf annihilators
  2 white draconians
  A green death (D:2)
  3 crystal guardians
  8 deep elf death magi
  A deep elf high priest (Elf:3)
  9 fire dragons
  Snorg (D:12)
  15 ettins
  A spectral quicksilver dragon (Crypt:3)
  2 shambling mangroves
  Josephine (Snake:1)
  10 yaktaur captains
  A spectral iron giant (Crypt:3)
  3 mummy priests (Depths:2)
  11 jiangshi
  A quicksilver dragon zombie (Crypt:3)
  An entropy weaver (Vaults:3)
  9 ice dragons
  2 peacekeepers
  21 hydras
  A spectral shadow dragon (Depths:2)
  4 salamander tyrants
  3 ghost crabs
  6 spriggan air magi
  5 rakshasas
  10 great orbs of eyes
  4 ogre magi
  3 spectral tengu (Depths:2)
  A caustic shrike simulacrum (Crypt:3)
  5 centaur warriors
  11 alligators
  An anaconda (shapeshifter) (Vaults:5)
  2 spectral frost giants (Depths:2)
  6 ironbound frosthearts
  26 vault guards
  9 boulder beetles
  12 anacondas
  33 dancing weapons
  11 two-headed ogres
  3 death knights
  A boulder beetle (shapeshifter) (Elf:3)
  14 deep troll earth magi
  10 deep troll shamans
  A spectral stone giant (Depths:2)
  7 death yaks
  10 naga warriors
  10 tengu warriors
  6 vampire magi
  2 spectral nagas (Crypt:3)
  10 hell knights
  Urug (Orc:2)
  22 naga sharpshooters
  3 spriggan berserkers
  A spectral emperor scorpion (Crypt:3)
  6 shock serpents
  A soul eater (Depths:4)
  A spectral storm dragon (Depths:2)
  19 deep elf knights
  5 shadow wraiths (Crypt:3)
  26 skeletal warriors
  3 sun demons
  A skyshark (Lair:1)
  10 iron trolls
  4 salamander mystics
  A death drake (Swamp:4)
  4 goliath frogs
  10 swamp dragons
  4 sea snakes (Snake:2)
  Lodul (D:11)
  A large abomination (Abyss:3)
  5 naga ritualists
  2 spectral spark wasps (Depths:2)
  3 spriggan druids
  58 deep trolls
  11 ironbound convokers
  9 flayed ghosts
  An obsidian statue (Depths:2)
  An anaconda zombie (Crypt:3)
  A spectral iron dragon (Depths:2)
  8 bog bodies
  17 deep elf archers
  10 glowing orange brains
  16 lindwurms
  8 harpies (Vaults:3)
  26 deep elf pyromancers
  32 deep elf zephyrmancers
  3 arcanists
  A fenstrider witch simulacrum (Crypt:3)
  9 necromancers
  6 orc knights
  22 phantasmal warriors
  2 spectral ettins
  7 mana vipers
  An eleionoma zombie (Crypt:3)
  A shadow dragon skeleton (Crypt:1)
  5 shining eyes
  11 salamanders
  35 ugly things
  8 orc sorcerers
  A shining eye (shapeshifter) (Vaults:5)
  A cyclops (shapeshifter) (D:15)
  2 manticores
  A frost giant zombie (Crypt:2)
  12 cyclopes
  3 will-o-the-wisps
  A human skeleton (Crypt:3)
  28 black mambas
  15 elephants
  A spectral alligator snapping turtle (Crypt:3)
  9 moths of wrath
  3 spectral spriggans (Depths:2)
  2 guardian serpents
  9 vault sentinels
  An ice statue (Vaults:2)
  3 rust devils (Depths:4)
  3 torpor snails
  11 naga magi
  A titan simulacrum (Crypt:3)
  2 eyes of devastation
  20 cane toads
  A smoke demon (Depths:3)
  4 orange demons
  3 gargoyles
  A guardian serpent (shapeshifter) (Elf:2)
  A red draconian zombie (Crypt:2)
  3 rime drakes
  7 komodo dragons
  A bunyip simulacrum (Crypt:3)
  17 freezing wraiths
  2 unseen horrors
  A catoblepas zombie (Crypt:1)
  40 yaktaurs
  2 green draconian zombies (Crypt:1)
  3 tengu conjurers
  2 efreet
  A grey draconian skeleton (Crypt:3)
  An ice devil (Depths:4)
  8 guardian mummies (Depths:2)
  2 spectral harpies (Crypt:3)
  9 trolls
  A queen bee (shapeshifter) (Elf:1)
  An ancient zyme (Abyss:3)
  6 red devils
  A bloated husk (Swamp:2)
  2 polar bears (Lair:3)
  14 tyrant leeches
  13 hornets
  A tarantella (Vaults:3)
  24 blink frogs
  A hellwing (Abyss:3)
  3 glass eyes
  A blink frog (shapeshifter) (D:15)
  2 glass eyes (shapeshifter)
  86 slime creatures
  2 dream sheep (Lair:4)
  2 centaur simulacra
  A spectral black mamba (Crypt:3)
  10 spriggans
  2 vampires (Crypt:2)
  A black mamba zombie (Crypt:2)
  3 water elementals
  A culicivora (shapeshifter) (Elf:2)
  2 flying skulls (Crypt:1)
  A shadow (D:12)
  4 air elementals
  9 fire elementals
  A small abomination (Abyss:3)
  A culicivora (Vaults:3)
  An ettin skeleton (Vaults:2)
  10 wraiths
  42 yaks
  5 wyverns
  A yak (shapeshifter) (Elf:3)
  A hog (shapeshifter) (D:13)
  5 golden eyes (Slime:5)
  A golden eye (shapeshifter) (D:13)
  5 basilisks
  13 vampire mosquitoes
  A redback (Vaults:3)
  A neqoxec (Depths:4)
  4 wargs
  41 nagas
  A glowing shapeshifter zombie (Vaults:2)
  A harpy simulacrum (Crypt:3)
  4 acid dragons
  19 water moccasins
  2 hell hounds (D:13)
  16 swamp worms
  Pargi (D:3)
  A glowing shapeshifter skeleton (Vaults:2)
  A fire bat skeleton (Crypt:3)
  3 sky beasts
  26 orc warriors
  5 ice beasts
  An ettin simulacrum (Crypt:3)
  6 swamp drakes (Swamp:4)
  A black bear (D:5)
  A blink frog zombie (Crypt:3)
  17 wolves
  6 boggarts
  19 ogres
  12 centaurs
  2 phantoms (D:5)
  A rime drake zombie (Crypt:1)
  3 kobold brigands
  20 bullfrogs
  2 scorpions
  3 necrophages
  An earth elemental (Elf:2)
  4 gnoll sergeants
  A naga simulacrum (Crypt:3)
  2 scorpions (shapeshifter)
  A glowing shapeshifter simulacrum (Vaults:2)
  A yaktaur skeleton (Crypt:1)
  15 wights
  12 howler monkeys
  A jelly (D:5)
  15 orc priests
  2 hounds
  A centaur skeleton (Crypt:2)
  Jessica (D:2)
  Ijyb (D:3)
  2 iguanas
  2 sleepcaps
  29 orc wizards
  12 hell rats
  A naga zombie (Crypt:2)
  A hound zombie (Crypt:2)
  5 adders
  21 gnolls
  A shadow imp (D:7)
  4 worms
  2 dart slugs
  76 orcs
  8 ball pythons
  9 endoplasms
  5 giant cockroaches
  4 hobgoblins
  2 jackals (D:2)
  2 quokkas
  A ball python zombie (Crypt:1)
  6 bats
  5 frilled lizards
  7 goblins
  24 kobolds
  A quokka skeleton (Crypt:3)
  2 rats
2221 creatures vanquished.

Vanquished Creatures (others)
  A bone dragon (Depths:4)
  2 spriggan defenders (Depths:4)
  A vampire knight (Depths:4)
  2 green draconians (Depths:4)
  A bunyip (Swamp:3)
  An ettin (Vaults:5)
  An ice dragon (Depths:4)
  A spriggan berserker (Depths:4)
  A deep troll earth mage (Depths:4)
  A hell knight (Vaults:5)
  A sixfirhy (Depths:4)
  An iron troll (Depths:4)
  2 deep trolls (Depths:4)
  A naga ritualist (Snake:1)
  2 obsidian statues (Depths:4)
  An arcanist (D:5)
  2 ice devils (Depths:4)
  A bloated husk (Swamp:3)
  A naga (Snake:1)
  A swamp drake (Swamp:3)
  An orc warrior (Snake:2)
  18 foxfires (Swamp:3)
  66 spectral weapons
  8 starspawn tentacles (Depths:4)
118 creatures vanquished.

Grand Total: 2339 creatures vanquished

Table legend:
 A = Non-vault XP
 B = Vault XP
 C = Vault XP percentage of total XP
 D = Non-vault monster count
 E = Vault monster count
 F = Vault count percentage of total count
                 A         B        C        D         E       F
            +---------+---------+-------+---------+---------+-------
      Total |  736779 |  626760 |  46.0 |    1465 |     797 |  35.2
            +---------+---------+-------+---------+---------+-------
        D:1 |      34 |       0 |   0.0 |      22 |       0 |   0.0
        D:2 |     177 |      37 |  17.3 |      21 |       1 |   4.5
        D:3 |     142 |     178 |  55.6 |      22 |       2 |   8.3
        D:4 |     149 |       0 |   0.0 |      13 |       0 |   0.0
        D:5 |     669 |       0 |   0.0 |      10 |       0 |   0.0
        D:6 |    1407 |     175 |  11.1 |      29 |       2 |   6.5
        D:7 |     993 |       0 |   0.0 |      24 |       0 |   0.0
        D:8 |    3336 |       0 |   0.0 |      32 |       0 |   0.0
        D:9 |    3051 |    1109 |  26.7 |      27 |       7 |  20.6
       D:10 |    2739 |     493 |  15.3 |      22 |       4 |  15.4
       D:11 |    2813 |    1226 |  30.4 |      27 |       5 |  15.6
       D:12 |    3966 |   11205 |  73.9 |      15 |      27 |  64.3
       D:13 |    3687 |    4270 |  53.7 |      16 |      13 |  44.8
       D:14 |   16327 |   12446 |  43.3 |      29 |      26 |  47.3
       D:15 |   17330 |    1629 |   8.6 |      33 |       3 |   8.3
     Lair:1 |    7292 |    2668 |  26.8 |      32 |      13 |  28.9
     Lair:2 |    7932 |    2612 |  24.8 |      25 |      12 |  32.4
     Lair:3 |   10697 |     572 |   5.1 |      26 |       2 |   7.1
     Lair:4 |    6504 |    1426 |  18.0 |      28 |       2 |   6.7
     Lair:5 |   13188 |   13004 |  49.6 |      36 |      40 |  52.6
    Swamp:1 |   14269 |       0 |   0.0 |      24 |       0 |   0.0
    Swamp:2 |   16316 |       0 |   0.0 |      31 |       0 |   0.0
    Swamp:3 |   13803 |    6350 |  31.5 |      23 |       3 |  11.5
    Swamp:4 |   12998 |   16379 |  55.8 |      21 |      23 |  52.3
    Snake:1 |   18431 |    7533 |  29.0 |      36 |      12 |  25.0
    Snake:2 |   10440 |    7322 |  41.2 |      19 |      16 |  45.7
    Snake:3 |   14488 |       0 |   0.0 |      29 |       0 |   0.0
    Snake:4 |   18547 |   24054 |  56.5 |      32 |      34 |  51.5
    Slime:1 |    1695 |       0 |   0.0 |       6 |       0 |   0.0
    Slime:2 |    5866 |       0 |   0.0 |       7 |       0 |   0.0
    Slime:3 |    2151 |       0 |   0.0 |       8 |       0 |   0.0
    Slime:4 |   11966 |    3401 |  22.1 |      15 |       4 |  21.1
    Slime:5 |   18633 |   25656 |  57.9 |      31 |      20 |  39.2
      Orc:1 |    5499 |       0 |   0.0 |      56 |       0 |   0.0
      Orc:2 |    5377 |    9452 |  63.7 |      30 |      14 |  31.8
      Elf:1 |   18336 |    7465 |  28.9 |      31 |      12 |  27.9
      Elf:2 |   16004 |   27916 |  63.6 |      28 |      35 |  55.6
      Elf:3 |   14566 |   34005 |  70.0 |      25 |      31 |  55.4
   Vaults:1 |   21008 |   26976 |  56.2 |      38 |      36 |  48.6
   Vaults:2 |   29526 |   11240 |  27.6 |      40 |      14 |  25.9
   Vaults:3 |   31780 |   35080 |  52.5 |      49 |      45 |  47.9
   Vaults:4 |   13195 |   31217 |  70.3 |      19 |      34 |  64.2
   Vaults:5 |    6013 |   96253 |  94.1 |      14 |      89 |  86.4
    Crypt:1 |   27595 |    3253 |  10.5 |      43 |       5 |  10.4
    Crypt:2 |   32439 |    2111 |   6.1 |      41 |       6 |  12.8
    Crypt:3 |   31076 |   40123 |  56.4 |      45 |      62 |  57.9
   Depths:1 |   40725 |    2001 |   4.7 |      47 |       2 |   4.1
   Depths:2 |   24578 |   24208 |  49.6 |      27 |      31 |  53.4
   Depths:3 |   39116 |   38684 |  49.7 |      47 |      35 |  42.7
   Depths:4 |   42535 |   28683 |  40.3 |      50 |      38 |  43.2
      Zot:1 |   19473 |   15848 |  44.9 |      15 |      13 |  46.4
      Zot:3 |   11930 |    1664 |  12.2 |       9 |       2 |  18.2
      Zot:4 |   14068 |    3487 |  19.9 |      11 |       3 |  21.4
      Zot:5 |   26130 |   40059 |  60.5 |      19 |      17 |  47.2
    Abyss:3 |    3200 |       0 |   0.0 |       9 |       0 |   0.0
      Arena |     574 |    3290 |  85.1 |       1 |       2 |  66.7
            +---------+---------+-------+---------+---------+-------

Skill      XL: |  1  2  3  4  5  6  7  8  9 10 11 12 13 14 15 16 17 18 19 20 21 22 23 24 25 26 |
---------------+-------------------------------------------------------------------------------+-----
Short Blades   | 2 3 4 5 6 8 10 11 13 | 13.3
Fighting       | 3 4 6 7 8 10 11 13 14 16 18 20 22 24 | 24.2
Dodging        | 3 5 6 8 9 10 13 14 16 17 18 19 20 | 20.0
Stealth        | 5 |  5.0
Shields        | 5 7 13 15 16 18 | 18.0
Invocations    | 5 8 12 | 12.0
Staves         | 4 8 |  8.4
Evocations     | 5 6 |  6.0
Armour         | 9 10 12 13 14 15 16 | 16.0
Long Blades    | 10 11 15 16 | 16.1
Spellcasting   | 4 |  4.0
Transmutations | 7 8 |  8.0
Throwing       | |  1.7

Action                     |  1- 3 |  4- 6 |  7- 9 | 10-12 | 13-15 | 16-18 | 19-21 | 22-24 | 25-27 || total
---------------------------+-------+-------+-------+-------+-------+-------+-------+-------+-------++-------
  Melee: Dagger            |    47 |   114 |   264 |   643 |  1512 |   640 |     7 |       |       ||  3227
         Punch             |       |       |     1 |       |       |       |       |       |       ||     1
         Rapier            |       |       |       |       |       |    75 |       |       |       ||    75
         Demon blade       |       |       |       |       |       |   770 |  1539 |  2149 |  1024 ||  5482
  Throw: Dart              |     5 |     5 |    25 |    10 |    19 |     2 |       |       |       ||    66
         Throwing net      |       |       |       |     2 |       |       |       |       |       ||     2
   Cast: Wereblood         |       |       |       |       |       |       |     5 |    15 |    10 ||    30
 Invoke: Heroism           |       |       |       |     3 |    14 |    19 |    20 |       |       ||    56
         Finesse           |       |       |       |     1 |     6 |    11 |    10 |       |       ||    28
         Receive Weapon    |       |       |       |       |     1 |       |       |       |       ||     1
         Receive Armour    |       |       |       |       |     1 |       |       |       |       ||     1
         Duel              |       |       |       |       |       |     1 |     2 |       |       ||     3
         Depart the Abyss  |       |       |       |       |       |       |     2 |     1 |       ||     3
         Corrupt           |       |       |       |       |       |       |       |     1 |       ||     1
         Brand Weapon With |       |       |       |       |       |       |       |     1 |       ||     1
  Evoke: Wand              |       |     2 |     3 |     7 |    14 |     6 |     7 |     1 |    12 ||    52
         Sack of spiders   |       |       |       |       |       |       |       |       |     1 ||     1
    Use: Scroll            |       |     7 |     3 |    15 |    14 |    11 |    13 |    14 |    12 ||    89
         Potion            |       |       |     2 |     1 |     3 |     6 |     9 |     9 |    18 ||    48
   Stab: Sleeping          |     9 |    15 |     4 |     3 |     7 |     5 |    10 |     4 |     2 ||    59
         Distracted        |       |       |     1 |     1 |     2 |    20 |    52 |    24 |     4 ||   104
         Invisible         |       |       |       |    10 |       |       |       |       |     3 ||    13
         Paralysed         |       |       |       |       |     2 |       |     5 |     4 |     2 ||    13
 Armour: Robe              |    16 |    37 |    98 |   203 |     4 |       |       |       |       ||   358
         Pearl dragon scal |       |       |       |       |   727 |   731 |   627 |   734 |   507 ||  3326
         Skin              |       |       |       |       |       |       |       |       |     2 ||     2
  Dodge: Dodged            |    12 |    40 |   115 |   216 |   638 |   610 |   607 |   765 |   466 ||  3469
  Block: Buckler           |       |       |    22 |   313 |   854 |   535 |   214 |       |       ||  1938
         Reflection        |       |       |       |     1 |    14 |       |       |       |       ||    15
         Kite shield       |       |       |       |       |       |       |   611 |  1679 |   871 ||  3161

Illustrated notes

Table legend:
 A = Kills in this place as a percentage of kills in the entire game.
 B = Kills by you in this place as a percentage of kills by you in the entire game.
 C = Kills by friends in this place as a percentage of kills by friends in the entire game.
 D = Other kills in this place as a percentage of other kills in the entire game.
 E = Experience gained in this place as a percentage of experience gained in the entire game.
 F = Experience gained in this place divided by the number of levels of this place that you have seen.
                   A       B       C       D       E      F
               +-------+-------+-------+-------+-------+----------------------
         Total | 100.0 | 100.0 |   N/A | 100.0 | 100.0 | 21849.9
       Dungeon |  19.3 |  20.1 |   N/A |   0.0 |   7.4 | 6779.7
          Lair |   9.5 |   9.9 |   N/A |   0.0 |   4.8 | 13179.0
         Swamp |   5.5 |   5.5 |   N/A |   4.5 |   5.8 | 20028.8
     Snake Pit |   7.8 |   8.1 |   N/A |   2.3 |   7.3 | 25203.8
    Slime Pits |   4.0 |   4.1 |   N/A |   1.1 |   5.0 | 13873.6
  Orcish Mines |   4.4 |   4.6 |   N/A |   0.0 |   1.5 | 10164.0
   Elven Halls |   7.1 |   7.4 |   N/A |   0.0 |   8.6 | 39430.7
        Vaults |  16.7 |  16.5 |   N/A |  19.3 |  22.0 | 60457.6
         Crypt |   8.9 |   7.7 |   N/A |  38.6 |   9.9 | 45532.3
        Depths |  12.2 |  11.9 |   N/A |  19.3 |  17.5 | 60132.5
           Zot |   4.0 |   3.5 |   N/A |  14.8 |   9.7 | 26711.2
         Abyss |   0.4 |   0.4 |   N/A |   0.0 |   0.2 | 1066.7
         Arena |   0.1 |   0.1 |   N/A |   0.0 |   0.3 | 1288.0
               +-------+-------+-------+-------+-------+----------------------

Table legend: (Time is in decaauts)
 A = Elapsed time spent in this place.
 B = Non-inter-level travel time spent in this place.
 C = Inter-level travel time spent in this place.
 D = Time resting spent in this place.
 E = Time spent auto-exploring this place.
 F = Levels seen in this place.
 G = Mean time per level.
                   A        B        C        D        E       F      G
               +--------+--------+--------+--------+--------+-----+--------+
         Total |  70634 |  65769 |   4865 |  13947 |  35437 |  63 | 1121.2 |
       Dungeon |  16713 |  14841 |   1872 |   2391 |   8913 |  15 | 1114.2 |
        Temple |     12 |      6 |      6 |      0 |      0 |   1 |   12.0 |
          Lair |   8631 |   8068 |    563 |   2233 |   4116 |   5 | 1726.2 |
         Swamp |   3448 |   3282 |    166 |    573 |   1944 |   4 |  862.0 |
     Snake Pit |   5968 |   5677 |    291 |    889 |   3775 |   4 | 1492.0 |
    Slime Pits |   2882 |   2780 |    102 |   1482 |    402 |   5 |  576.4 |
  Orcish Mines |   2541 |   2288 |    253 |    566 |   1148 |   2 | 1270.5 |
   Elven Halls |   5644 |   5301 |    343 |    940 |   2837 |   3 | 1881.3 |
        Vaults |  10069 |   9512 |    557 |   1704 |   5633 |   5 | 2013.8 |
         Crypt |   3133 |   2905 |    228 |     47 |   1769 |   3 | 1044.3 |
        Depths |   8906 |   8487 |    419 |   2293 |   4355 |   4 | 2226.5 |
           Zot |   2175 |   2112 |     63 |    599 |    409 |   5 |  435.0 |
         Abyss |    198 |    198 |      0 |     47 |     65 |   3 |   66.0 |
        Bazaar |    252 |    252 |      0 |    156 |     69 |   1 |  252.0 |
         Arena |     56 |     56 |      0 |     24 |      0 |   3 |   18.7 |
               +--------+--------+--------+--------+--------+-----+--------+

Top non-repeatable levels by time:
Vaults:3: 2814 daAuts
Depths:4: 2735 daAuts
Depths:3: 2406 daAuts
   Elf:3: 2298 daAuts
  Lair:2: 2276 daAuts
Depths:2: 2265 daAuts
  Lair:5: 2234 daAuts
Vaults:2: 2049 daAuts
Vaults:1: 1867 daAuts
Vaults:5: 1832 daAuts
   Elf:1: 1753 daAuts
    D:14: 1689 daAuts
  Lair:1: 1645 daAuts
     D:8: 1632 daAuts
   Elf:2: 1592 daAuts
